PAAA
BALTIMORE BLACK SOX @ BLOOMINGTON LONGNECKS
09/04/2033
 
TOP OF THE 1ST
Baltimore Black Sox batting - Pitching for Bloomington Longnecks : LHP Marcos Tejedor
Pitching: LHP Marcos Tejedor
Batting: RHB Raúl Cicerón 0-0: Ground out 6-3 (Groundball, 6)
Batting: LHB Tim Waters 0-0: Ball
1-0: Ball
2-0: Ball
3-0: Foul Ball, location: 2F
3-1: Base on Balls
Batting: RHB Jeb Sexton 0-0: Called Strike
0-1: Swinging Strike
0-2: Strikes out swinging
Batting: LHB Shigenobu Ohayashi 0-0: Ball
1-0: Called Strike
1-1: Fly out, F9 (Flyball, 9D)
Top of the 1st over - 0 runs, 0 hits, 0 errors, 1 left on base; Baltimore 0 - Bloomington 0
BOTTOM OF THE 1ST
Bloomington Longnecks batting - Pitching for Baltimore Black Sox : RHP Kelemeneke Balun
Pitching: RHP Kelemeneke Balun
Batting: SHB Benedict Patel 0-0: DOUBLE (Line Drive, 89XD)
Batting: RHB Barrett Drury 0-0: Ground out 4-3 (Groundball, 4M)
Benedict Patel to third
Batting: LHB César Gómes 0-0: Ball
1-0: Ball
2-0: Ball
3-0: Base on Balls
Batting: RHB Carlos Cardona 0-0: Ball
César Gómes is caught stealing 2nd base
1-0: Called Strike
1-1: Ball
2-1: DOUBLE (Groundball, 3L)
Benedict Patel scores
Batting: RHB Rob Gray 0-0: Ball
1-0: 2-RUN HOME RUN (Flyball, 7LD), Distance : 342 ft
Batting: RHB Miguel Elías 0-0: SINGLE (Flyball, 78M)
Batting: RHB Toussiant L'Ouverture 0-0: Ball
1-0: Fly out, F8 (Flyball, 78D)
Bottom of the 1st over - 3 runs, 4 hits, 0 errors, 1 left on base; Baltimore 0 - Bloomington 3
TOP OF THE 2ND
Baltimore Black Sox batting - Pitching for Bloomington Longnecks : LHP Marcos Tejedor
Batting: RHB Berihun Tukufu 0-0: Called Strike
0-1: Called Strike
0-2: Ground out 6-3 (Groundball, 6M)
Batting: RHB Edward Payne 0-0: Swinging Strike
0-1: Ball
1-1: Fly out, F6 (Line Drive, 6)
Batting: SHB Alex Mable 0-0: Ball
1-0: Foul Ball, location: 2F
1-1: Ground out 6-3 (Groundball, 6)
Top of the 2nd over - 0 runs, 0 hits, 0 errors, 0 left on base; Baltimore 0 - Bloomington 3
BOTTOM OF THE 2ND
Bloomington Longnecks batting - Pitching for Baltimore Black Sox : RHP Kelemeneke Balun
Batting: LHB Daniel Faraday 0-0: Called Strike
0-1: SINGLE (Line Drive, 4MD)
Batting: RHB Mike Mays 0-0: Ball
1-0: Called Strike
1-1: Foul Ball, location: 2F
1-2: Single, Error in OF, E7, batter to second base
Daniel Faraday to third
Batting: SHB Benedict Patel 0-0: Ball
1-0: Ball
2-0: Swinging Strike
2-1: SINGLE (Groundball, 25) (infield hit)
Daniel Faraday scores
Mike Mays to third
Batting: RHB Barrett Drury 0-0: Ball
1-0: Fly out, F7 (Flyball, 7)
Runner from 3rd tags up, OUT at HOME
Benedict Patel to second
Batting: LHB César Gómes 0-0: Ball
1-0: Ground out U3 (Groundball, 3)
Bottom of the 2nd over - 1 run, 3 hits, 1 error, 1 left on base; Baltimore 0 - Bloomington 4
TOP OF THE 3RD
Baltimore Black Sox batting - Pitching for Bloomington Longnecks : LHP Marcos Tejedor
Batting: LHB Sergio Rodríguez 0-0: Ball
1-0: Ball
2-0: Called Strike
2-1: Foul Ball, location: 2F
2-2: Ground out 4-3 (Groundball, 34D)
Batting: LHB Tomás Valenzuela 0-0: Foul Ball, location: 2F
0-1: Ground out 4-3 (Groundball, 4)
Batting: RHB Raúl Cicerón 0-0: Ball
1-0: Foul Ball, location: 2F
1-1: SINGLE (Line Drive, 34)
Batting: LHB Tim Waters 0-0: SINGLE (Flyball, 56D)
Raúl Cicerón to second
Runner from 2nd tries for 3rd, SAFE, no throw
Batting: RHB Jeb Sexton 0-0: Ball
1-0: Fly out, F8 (Flyball, 89M)
Top of the 3rd over - 0 runs, 2 hits, 0 errors, 2 left on base; Baltimore 0 - Bloomington 4
BOTTOM OF THE 3RD
Bloomington Longnecks batting - Pitching for Baltimore Black Sox : RHP Kelemeneke Balun
Batting: RHB Carlos Cardona 0-0: Called Strike
0-1: Ball
1-1: Ball
2-1: SINGLE (Flyball, 9LS)
Batting: RHB Rob Gray 0-0: Foul Ball, location: 2F
0-1: Called Strike
0-2: Foul Ball, location: 2F
0-2: Foul Ball, location: 2F
0-2: Ball
1-2: Hit by Pitch
Carlos Cardona to second
Batting: RHB Miguel Elías 0-0: Called Strike
0-1: Swinging Strike
0-2: Ball
1-2: Ball
2-2: Ball
3-2: Foul Ball, location: 2F
3-2: Base on Balls
Carlos Cardona to third
Rob Gray to second
Batting: RHB Toussiant L'Ouverture 0-0: Ball
1-0: Grounds into double play, 4-6-3 (Groundball, 4)
Carlos Cardona scores
Rob Gray to third
Batting: LHB Daniel Faraday 0-0: Ball
1-0: Foul Ball, location: 2F
1-1: Called Strike
1-2: Ground out 4-3 (Groundball, 4S)
Bottom of the 3rd over - 1 run, 1 hit, 0 errors, 1 left on base; Baltimore 0 - Bloomington 5
TOP OF THE 4TH
Baltimore Black Sox batting - Pitching for Bloomington Longnecks : LHP Marcos Tejedor
Batting: LHB Shigenobu Ohayashi 0-0: Ball
1-0: Ball
2-0: SINGLE (Groundball, 34) (infield hit)
Batting: RHB Berihun Tukufu 0-0: Fly out, F7 (Flyball, 7LM)
Batting: RHB Edward Payne 0-0: Ball
1-0: Foul Ball, location: 2F
1-1: Ball
2-1: Fly out, F8 (Flyball, 78M)
Batting: SHB Alex Mable 0-0: Ground out 4-3 (Groundball, 4MS)
Top of the 4th over - 0 runs, 1 hit, 0 errors, 1 left on base; Baltimore 0 - Bloomington 5
BOTTOM OF THE 4TH
Bloomington Longnecks batting - Pitching for Baltimore Black Sox : RHP Kelemeneke Balun
Batting: RHB Mike Mays 0-0: Foul Ball, location: 2F
0-1: Ball
1-1: Ground out 6-3 (Groundball, 6)
Batting: SHB Benedict Patel 0-0: Called Strike
0-1: Ball
1-1: Ball
2-1: Called Strike
2-2: Ball
3-2: Foul Ball, location: 2F
3-2: Foul Ball, location: 2F
3-2: Ground out 5-3 (Groundball, 56)
Batting: RHB Barrett Drury 0-0: Ball
1-0: Called Strike
1-1: Foul Ball, location: 2F
1-2: Strikes out swinging, 2-3 out at first.
Bottom of the 4th over - 0 runs, 0 hits, 0 errors, 0 left on base; Baltimore 0 - Bloomington 5
TOP OF THE 5TH
Baltimore Black Sox batting - Pitching for Bloomington Longnecks : LHP Marcos Tejedor
Batting: LHB Sergio Rodríguez 0-0: Swinging Strike
0-1: Swinging Strike
0-2: Foul Ball, location: 2F
0-2: Ball
1-2: Strikes out swinging
Batting: LHB Tomás Valenzuela 0-0: Ground out 4-3 (Groundball, 4)
Batting: RHB Raúl Cicerón 0-0: Swinging Strike
0-1: Ball
1-1: Foul Ball, location: 2F
1-2: Strikes out swinging
Top of the 5th over - 0 runs, 0 hits, 0 errors, 0 left on base; Baltimore 0 - Bloomington 5
BOTTOM OF THE 5TH
Bloomington Longnecks batting - Pitching for Baltimore Black Sox : RHP Kelemeneke Balun
Batting: LHB César Gómes 0-0: Called Strike
0-1: Ball
1-1: Foul Ball, location: 2F
1-2: Ball
2-2: Foul Ball, location: 2F
2-2: Ball
3-2: SINGLE (Groundball, 4S) (infield hit)
Batting: RHB Carlos Cardona 0-0: SINGLE (Line Drive, 7LM)
César Gómes to second
Batting: RHB Rob Gray 0-0: Ball
1-0: Ball
2-0: Called Strike
2-1: Called Strike
2-2: Ball
3-2: Foul Ball, location: 2F
3-2: Foul Ball, location: 2F
3-2: Base on Balls
César Gómes to third
Carlos Cardona to second
Batting: RHB Miguel Elías 0-0: SINGLE (Groundball, 56D)
César Gómes scores
Carlos Cardona to third
Rob Gray to second
Batting: RHB Toussiant L'Ouverture 0-0: Ball
1-0: Foul Ball, location: 2F
1-1: Swinging Strike
1-2: Foul Ball, location: 2F
1-2: Foul Ball, location: 2F
1-2: Foul Ball, location: 2F
1-2: SINGLE (Groundball, 6MD)
Carlos Cardona scores
Rob Gray to third
Miguel Elías to second
Batting: LHB Daniel Faraday 0-0: Ball
1-0: Fly out, F7 (Flyball, 7)
Runner from 3rd tags up, SCORES, throw made
Batting: RHB Mike Mays 0-0: Foul Ball, location: 2F
0-1: Grounds into double play, 6-4-3 (Groundball, 6)
Bottom of the 5th over - 3 runs, 4 hits, 0 errors, 1 left on base; Baltimore 0 - Bloomington 8
TOP OF THE 6TH
Baltimore Black Sox batting - Pitching for Bloomington Longnecks : LHP Marcos Tejedor
Batting: LHB Tim Waters 0-0: Ground out 6-3 (Groundball, 6S)
Batting: RHB Jeb Sexton 0-0: Ground out 1-3 (Groundball, 15S)
Batting: LHB Shigenobu Ohayashi 0-0: Called Strike
0-1: Called Strike
0-2: Ball
1-2: Fly out, F8 (Flyball, 8RXD)
Top of the 6th over - 0 runs, 0 hits, 0 errors, 0 left on base; Baltimore 0 - Bloomington 8
BOTTOM OF THE 6TH
Bloomington Longnecks batting - Pitching for Baltimore Black Sox : RHP Kelemeneke Balun
Batting: SHB Benedict Patel 0-0: Called Strike
0-1: Foul Ball, location: 2F
0-2: Strikes out swinging
Batting: RHB Barrett Drury 0-0: Swinging Strike
0-1: Ball
1-1: Ball
2-1: Foul Ball, location: 2F
2-2: Ball
3-2: Base on Balls
Batting: LHB César Gómes 0-0: Ball
Error on foul ball, E7
1-1: Foul Ball, location: 2F
1-2: 2-RUN HOME RUN (Line Drive, 9LD), Distance : 337 ft
Batting: RHB Carlos Cardona 0-0: SINGLE (Line Drive, 9S)
Batting: RHB Rob Gray 0-0: Called Strike
0-1: Foul Ball, location: 2F
0-2: Strikes out swinging
Pitching: RHP Chris Hayes
Batting: RHB Miguel Elías 0-0: Foul Ball, location: 2F
0-1: Foul Ball, location: 2F
0-2: Fly out, F7 (Flyball, 7)
Bottom of the 6th over - 2 runs, 2 hits, 1 error, 1 left on base; Baltimore 0 - Bloomington 10
TOP OF THE 7TH
Baltimore Black Sox batting - Pitching for Bloomington Longnecks : LHP Marcos Tejedor
Batting: RHB Berihun Tukufu 0-0: Called Strike
0-1: Ball
1-1: Called Strike
1-2: Ball
2-2: Ball
3-2: Strikes out swinging
Batting: RHB Edward Payne 0-0: Ball
1-0: Ball
2-0: Swinging Strike
2-1: Called Strike
2-2: Foul Ball, location: 2F
2-2: Strikes out swinging
Batting: SHB Alex Mable 0-0: Ball
1-0: Ground out 6-3 (Groundball, 56)
Top of the 7th over - 0 runs, 0 hits, 0 errors, 0 left on base; Baltimore 0 - Bloomington 10
BOTTOM OF THE 7TH
Bloomington Longnecks batting - Pitching for Baltimore Black Sox : RHP Chris Hayes
Batting: RHB Toussiant L'Ouverture 0-0: Ball
1-0: Ball
2-0: Ground out 4-3 (Groundball, 4S)
Batting: LHB Daniel Faraday 0-0: Called Strike
0-1: Ground out U3 (Groundball, 3L)
Batting: RHB Mike Mays 0-0: Ball
1-0: Ground out 5-3 (Groundball, 56)
Bottom of the 7th over - 0 runs, 0 hits, 0 errors, 0 left on base; Baltimore 0 - Bloomington 10
TOP OF THE 8TH
Baltimore Black Sox batting - Pitching for Bloomington Longnecks : LHP Marcos Tejedor
Batting: LHB Sergio Rodríguez 0-0: Called Strike
0-1: Called Strike
0-2: Foul Ball, location: 2F
0-2: Ball
1-2: Fly out, F9 (Flyball, 9)
Batting: LHB Tomás Valenzuela 0-0: Ball
1-0: Ball
2-0: Foul Ball, location: 2F
2-1: Foul Ball, location: 2F
2-2: Strikes out looking
Batting: RHB Raúl Cicerón 0-0: Called Strike
0-1: Ball
1-1: Ball
2-1: Foul Ball, location: 2F
2-2: Foul Ball, location: 2F
2-2: Strikes out swinging
Top of the 8th over - 0 runs, 0 hits, 0 errors, 0 left on base; Baltimore 0 - Bloomington 10
BOTTOM OF THE 8TH
Bloomington Longnecks batting - Pitching for Baltimore Black Sox : RHP Chris Hayes
Batting: SHB Benedict Patel 0-0: Ball
1-0: Foul Ball, location: 2F
1-1: Swinging Strike
1-2: Strikes out looking
Batting: RHB Barrett Drury 0-0: Foul Ball, location: 2F
0-1: Ball
1-1: SINGLE (Flyball, 9S)
Batting: LHB César Gómes 0-0: Ball
1-0: Called Strike
1-1: Called Strike
Barrett Drury steals 2nd base
1-2: Ball
2-2: DOUBLE (Line Drive, 7LS)
Barrett Drury scores
Batting: RHB Carlos Cardona Balk!
César Gómes to third
0-0: Ball
1-0: 2-RUN HOME RUN (Flyball, 7LD), Distance : 434 ft
Batting: RHB Rob Gray 0-0: Ball
1-0: Ground out 5-3 (Groundball, 56)
Batting: RHB Miguel Elías 0-0: Ball
1-0: Ground out U3 (Groundball, 3)
Bottom of the 8th over - 3 runs, 3 hits, 0 errors, 0 left on base; Baltimore 0 - Bloomington 13
TOP OF THE 9TH
Baltimore Black Sox batting - Pitching for Bloomington Longnecks : LHP Marcos Tejedor
Batting: LHB Tim Waters 0-0: Called Strike
0-1: Fly out, F7 (Flyball, 7S)
Pitching: RHP Kozue Koga
Batting: RHB Jeb Sexton 0-0: Called Strike
0-1: Foul Ball, location: 2F
0-2: Ball
1-2: Foul Ball, location: 2F
1-2: Ball
2-2: SINGLE (Line Drive, 7S)
Batting: LHB Shigenobu Ohayashi 0-0: Ball
1-0: Swinging Strike
1-1: Swinging Strike
1-2: Ball
2-2: Ball
3-2: Fielders Choice at 2nd, 4-6 (Groundball, 4D)
Batting: RHB Berihun Tukufu 0-0: Ball
1-0: Called Strike
1-1: Ball
2-1: SINGLE (Groundball, 6MD)
Shigenobu Ohayashi to second
Batting: RHB Edward Payne 0-0: Ball
1-0: Ball
2-0: Ball
3-0: Called Strike
3-1: SINGLE (Line Drive, 56D)
Shigenobu Ohayashi to third
Berihun Tukufu to second
Batting: SHB Alex Mable 0-0: Called Strike
0-1: DOUBLE (Groundball, 3L)
Shigenobu Ohayashi scores
Berihun Tukufu scores
Edward Payne to third
Batting: LHB Sergio Rodríguez 0-0: Foul Ball, location: 2F
0-1: Swinging Strike
0-2: Ball
1-2: SINGLE (Line Drive, 9S)
Edward Payne scores
Alex Mable to third
Batting: LHB Tomás Valenzuela 0-0: Ball
1-0: Ball
2-0: Foul Ball, location: 2F
2-1: Swinging Strike
2-2: Fly out, F9 (Flyball, 9LS)
Top of the 9th over - 3 runs, 5 hits, 0 errors, 2 left on base; Baltimore 3 - Bloomington 13
Saturday, December 22nd, 2018 - OOTP Baseball 18.8 Build 76